 Dungeon Crawl Stone Soup version 0.21-a0-508-gf08a75f26b (webtiles) character file.

50 MrRokkomies the Skirmisher (level 3, -2/30 HPs)
             Began as a Barachi Skald on Nov 28, 2017.
             Slain by a gnoll
             ... wielding a +0 halberd
              (12 damage)
             ... on level 2 of the Dungeon.
             The game lasted 00:03:42 (1851 turns).

MrRokkomies the Skirmisher (Barachi Skald)          Turns: 1851, Time: 00:03:42

Health: -2/30      AC:  4    Str: 18      XL:     3   Next: 79%
Magic:  6/6        EV: 11    Int: 12 (13) God:
Gold:   93         SH:  3    Dex: 10 (11) Spells: 1/6 levels left

rFire    . . .     SeeInvis .   a - +0 falchion
rCold    . . .     Gourm    .   h - +0 buckler
rNeg     . . .     Faith    .   b - +0 leather armour
rPois    .         Spirit   .   (no helmet)
rElec    .         Reflect  .   l - +0 cloak
rCorr    .         Harm     .   (no gloves)
MR       .....                  (no boots)
Stlth    +.........             n - amulet of rage
HPRegen  0.10/turn              (no ring)
MPRegen  0.10/turn              (no ring)

@: mighty, slow
A: +LOS, swims, slowness 1, strong legs 1
a: Hop, Evoke Berserk Rage


You were on level 2 of the Dungeon.
You were near starving.

You visited 1 branch of the dungeon, and saw 2 of its levels.

You collected 93 gold pieces.

Inventory:

Hand Weapons
 a - a +0 falchion (weapon)
Armour
 b - a +0 leather armour (worn)
 h - a +0 buckler (worn)
 l - a +0 cloak (worn)
Jewellery
 n - an amulet of rage (around neck)
Scrolls
 f - a scroll of remove curse
 k - a scroll of amnesia
Potions
 g - a potion of flight
 m - a potion of curing {unknown}
Books
 c - a book of Battle

   Spells                             Type                      Level
   a - Infusion                       Charms                       1
   b - Shroud of Golubria             Charms/Translocation         2
   c - Song of Slaying                Charms                       2
   d - Spectral Weapon                Hexes/Charms                 3
   e - Regeneration                   Charms/Necromancy            3
Comestibles
 d - 2 bread rations
 i - a royal jelly
 j - a fruit


   Skills:
 * Level 3.8 Fighting
 * Level 3.8 Long Blades
 - Level 1.2 Armour
 - Level 2.1 Dodging
 - Level 2.1 Spellcasting
 - Level 3.2 Charms


You had one spell level left.
You knew the following spells:

 Your Spells              Type           Power        Failure   Level  Hunger
a - Infusion              Chrm           #...         14%         1    ##.....
b - Shroud of Golubria    Chrm/Tloc      #.........   38%         2    ###....
c - Song of Slaying       Chrm           #.......     21%         2    ###....


Dungeon Overview and Level Annotations

Branches:
Dungeon (2/15)

Altars:
Okawaru


Innate Abilities, Weirdness & Mutations

Shadows flee at your approach. (+LOS)
You can swim through water.
You cover ground slowly.
You can hop short distances.


Message History

The kobold throws a stone.
The stone closely misses you.
You see here a stone.
Okay, then.
You feel very mighty all of a sudden. The gnoll hits you but does no damage.
The gnoll hits you from afar with a spear.
You hit the gnoll.
You kill the gnoll!
The kobold throws a stone.
The stone hits you but does no damage. You block the gnoll's attack.
The kobold closely misses you. The gnoll hits you with a spear.
Things that are here:
a club; a stone; a gnoll corpse You closely miss the kobold.
You block the kobold's attack. The gnoll closely misses you.
The gnoll hits you from afar with a halberd!
You closely miss the gnoll. The kobold completely misses you.
The gnoll hits you with a spear. The rat bites you but does no damage.
The gnoll hits you from afar with a halberd!
You die...

.. #.#### r.... ...#
..#######.
#.####.........
#....g..# #####g..# .
#...@K..####.... #+#
#.###r#).......# ...
#.....#.###....#
##########........# ..#
. #......#........#.# .
##+#.####.#.#......#...
..........#.#......#..##
.....####.#.#......#...
..........#.#......##.#+


You could see 2 gnolls, a kobold and a rat.

Vanquished Creatures
  2 gnolls (D:2)
  An adder (D:2)
  A worm (D:2)
  A dart slug (D:1)
  2 giant cockroaches (D:1)
  2 goblins
  3 hobgoblins (D:1)
  A frilled lizard (D:2)
  5 kobolds
  A rat (D:1)
19 creatures vanquished.

Notes
Turn   | Place    | Note
-------+----------+-------------------------------------------
     0 | D:1      | MrRokkomies the Barachi Skald began the quest for the Orb.
     0 | D:1      | Reached XP level 1. HP: 17/17 MP: 3/3
   366 | D:1      | Reached XP level 2. HP: 18/23 MP: 5/5
  1097 | D:1      | Learned a level 2 spell: Shroud of Golubria
  1100 | D:1      | Learned a level 2 spell: Song of Slaying
  1183 | D:2      | Reached XP level 3. HP: 7/29 MP: 0/6
  1195 | D:2      | HP: 1/29 [poisoned by an adder]
  1562 | D:2      | Found an iron altar of Okawaru.
  1851 | D:2      | Slain by a gnoll

Vault maps used:
D:1:      lemuel_arrival_room, serial_co_window_serial, co_window_paths_a,
          co_window_corner_a, co_window_corner_a, co_window_paths_b,
          co_window_cross_1, co_window_cross_2, co_window_unsneaky_path_b,
          co_window_2corner, glass_columns_a, minivault_23, st_stairs_7
D:2:      cheibrodos_old_hovel, marbit_many_paths

Skill      XL: |  1  2 |
---------------+-------+-----
Fighting       | 3 |  3.8
Long Blades    | 3 |  3.8
Armour         | |  1.2
Dodging        | |  2.1
Spellcasting   | |  2.1
Charms         | |  3.2

Action                   || total
-------------------------++-------
Melee: Falchion          ||    84
 Cast: Infusion          ||     2
  Use: Scroll            ||    10
       Potion            ||     3
  Eat: Chunk             ||     2
Armor: Leather armour    ||    24
       Scale mail        ||     3
Dodge: Dodged            ||    47
Block: Buckler           ||     9
       Rpst.: Falchion   ||     9

Table legend:
 A = Spawn XP
 B = Non-spawn XP
 C = Spawn XP percentage of total XP
 D = Spawn monster count
 E = Non-spawn monster count
 F = Spawn count percentage of total count
 G = Total turns spent on level
                    A         B        C        D         E        F      G
               +---------+---------+-------+---------+---------+-------+---------
         Total |       0 |      72 |   0.0 |       0 |      19 |   0.0 |  1851
               +---------+---------+-------+---------+---------+-------+---------
           D:1 |       0 |      22 |   0.0 |       0 |      12 |   0.0 |  1137
           D:2 |       0 |      50 |   0.0 |       0 |       7 |   0.0 |   714
               +---------+---------+-------+---------+---------+-------+---------
